 Dungeon Crawl Stone Soup version 0.28.0-45-g0d030f2227 (webtiles) character file.

Game seed: 13603040981251784846

10125 CryoSword the Covert (level 11, -1/56 HPs)
             Began as a Vine Stalker Enchanter on Apr 1, 2022.
             Was a Believer of Dithmenos.
             Slain by Azrael
             ... wielding a +0 scimitar of flaming
              (8 damage)
             ... on level 13 of the Dungeon.
             The game lasted 00:31:59 (12580 turns).

CryoSword the Covert (Vine Stalker Enchanter)      Turns: 12580, Time: 00:31:59

Health: -1/56      AC:  8    Str: 16    XL:     11   Next: 57%
Magic:  0/21       EV: 13    Int: 19    God:    Dithmenos [**....]
Gold:   527        SH:  0    Dex: 16    Spells: 14/22 levels left

rFire   + . .      SeeInvis .   a - +4 rapier (speed)
rCold   . . .      Faith    .   (no shield)
rNeg    . . .      Spirit   +   I - +0 troll leather armour
rPois   .          Reflect  .   D - +0 helmet
rElec   .          Harm     .   (no cloak)
rCorr   +          Rampage  .   (no gloves)
Will    +....                   l - +2 pair of boots
Stlth   ++++++....              (no amulet)
HPRegen 1.78/turn               N - +6 ring of strength
MPRegen 0.17/turn               y - ring "Oshrio Izifi" {rF+ rCorr}

@: wreathed by umbra, invisible
A: fangs 3, regeneration 1, magic shield, antimagic bite, no potion heal 2
a: Renounce Religion, Shadow Step


You were on level 13 of the Dungeon.
You worshipped Dithmenos.
Dithmenos was pleased with you.
You visited 2 branches of the dungeon, and saw 12 of its levels.

You collected 597 gold pieces.
You spent 70 gold pieces at shops.

Inventory:

Hand Weapons
 a - a +4 rapier of speed (weapon)
   (You acquired it on level 1 of the Dungeon)
 w - a +2 dagger of speed
   (You took it off a kobold brigand on level 4 of the Dungeon)
 C - a +0 hand crossbow
   (You found it on level 9 of the Dungeon)
Missiles
 e - 33 poisoned darts (quivered)
 g - 6 boomerangs
 B - 20 boomerangs of dispersal {!f}
 G - 2 silver boomerangs
 J - 70 bolts
Armour
 l - a +2 pair of boots (worn)
   (You found it on level 3 of the Dungeon)
 p - a +0 tower shield
   (You found it on level 3 of the Dungeon)
 D - a +0 helmet (worn)
   (You found it on level 6 of the Dungeon)
 I - a +0 troll leather armour (worn)
   (You found it on level 9 of the Dungeon)
Jewellery
 q - a ring of positive energy
   (You took it off a kobold on level 4 of the Dungeon)
 r - a ring of protection from cold
   (You found it on level 4 of the Dungeon)
 v - a ring of protection from cold
   (You found it on level 6 of the Dungeon)
 y - the ring "Oshrio Izifi" (right hand) {rF+ rCorr}
   (You acquired it on level 1 of the Dungeon)

   [ring of protection from fire]

   rF:        It protects you from fire.
   rCorr:     It protects you from acid and corrosion.
 N - a +6 ring of strength (left hand)
   (You found it on level 9 of the Dungeon)
 R - a ring of flight
   (You found it on level 10 of the Dungeon)
Wands
 o - a wand of iceblast (8)
   (You took it off Ijyb on level 4 of the Dungeon)
 P - a wand of digging (11)
   (You found it on level 10 of the Dungeon)
Scrolls
 h - a scroll of identify {@r1}
 i - a scroll of summoning {unknown}
 n - 3 scrolls of teleportation {@r4}
 u - a scroll of enchant weapon {unknown}
 A - a scroll of enchant armour {unknown}
 K - a scroll of amnesia {unknown}
 M - a scroll of fear {unknown}
Potions
 c - 2 potions of cancellation
 d - 2 potions of berserk rage
 f - 3 potions of flight
 j - a potion of magic {unknown}
 m - a potion of attraction {unknown}
 s - 2 potions of resistance
 t - a potion of ambrosia {unknown}
 x - 2 potions of curing {@q1}
 z - a potion of brilliance {unknown}
 F - a potion of mutation {unknown}
 H - a potion of haste {@q3}
 O - a potion of lignification {unknown}
 Q - a potion of heal wounds {unknown}


   Skills:
 + Level 5.3 Fighting
 * Level 7.8 Short Blades
 + Level 2.2 Armour
 + Level 3.6 Dodging
 * Level 11.5 Stealth
 + Level 6.3 Spellcasting
 * Level 9.0 Hexes
 - Level 3.0 Ice Magic


You had 14 spell levels left.
You knew the following spells:

 Your Spells              Type           Power      Damage    Failure   Level
a - Ensorcelled Hibernat  Hex/Ice        58%        N/A       1%          2
b - Confusing Touch       Hex            40%        N/A       1%          3
c - Tukima's Dance        Hex            40%        N/A       1%          3

Your spell library contained the following spells:

 Spells                   Type           Power      Damage    Failure   Level
 Dazzling Flash           Conj/Hex       46%        N/A       6%          3
 Summon Guardian Golem    Hex/Summ       23%        N/A       6%          3
 Beastly Appendage        Tmut           12%        N/A       13%         1
 Summon Small Mammal      Summ           24%        N/A       13%         1
 Corpse Rot               Necr/Air       12%        N/A       21%         2
 Wereblood                Tmut           6%         N/A       21%         2
 Call Canine Familiar     Summ           6%         N/A       36%         3
 Spider Form              Tmut/Pois      6%         N/A       36%         3
 Silence                  Hex/Air        11%        N/A       50%         5
 Yara's Violent Unravell  Hex/Tmut       11%        3d6       50%         5
 Dispel Undead            Necr           6%         3d8       78%         4
 Enfeeble                 Hex            20%        N/A       95%         7
 Agony                    Necr           6%         N/A       98%         5
 Conjure Ball Lightning   Conj/Air       3%         3x3d6     100%        6
 Death Channel            Necr           3%         N/A       100%        6
 Discord                  Hex            20%        N/A       100%        8
 Disjunction              Tloc           3%         N/A       100%        8


Dungeon Overview and Level Annotations

Branches:
Dungeon (10/15)            Temple (1/1) D:5             Orc (0/2) D:9
   Lair: D:8-11

Altars:
Ashenzari
Dithmenos
Elyvilon
Fedhas
Gozag
Kikubaaqudgha
Makhleb
Nemelex Xobeh
Okawaru
Qazlal
Ru
Sif Muna
Trog
Uskayaw
Vehumet
Wu Jian
Xom
Yredelemnul
The Shining One

Shops:
D:1 *   D:4 :

Annotations:
D:7 3 runed translucent doors, Miritol's ghost, novice HOMo
D:13 Azrael


Innate Abilities, Weirdness & Mutations

You have razor-sharp teeth.
Your natural rate of healing is unusually fast.
When hurt, damage is shared between your health and your magic reserves.
Your bite disrupts and absorbs the magic of your enemies.
Potions cannot restore your health.


Message History

Your hands tingle!
a - a +4 rapier of speed (weapon)
Your hands begin to glow red.
The centaur hits you but does no damage.
The centaur misses you. The centaur barely misses you.
The centaur kicks you but does no damage.
You hit the centaur but do no damage.
The centaur appears confused.
You hit the centaur. You bite the centaur, but do no damage.
The centaur unwields a +0 shortbow.
The centaur closely misses you.
The centaur kicks you but does no damage.
The centaur closely misses you. The centaur kicks you.
You puncture the centaur! You bite the centaur. You drain its power.
You feel invigorated.
The centaur barely misses the centaur.
The centaur closely misses the centaur.
The centaur hits you. The centaur completely misses you.
You puncture the centaur!
You kill the centaur!
Dithmenos accepts your kill. The centaur hits you.
The centaur kicks you but does no damage.
You puncture the centaur! You bite the centaur, but do no damage.
The centaur closely misses you. The centaur kicks you.
You hit the centaur. You bite the centaur. You drain its power.
You feel invigorated. The centaur barely misses you. x2
The centaur hits the centaur.
The centaur is killed!
Dithmenos accepts your kill.
Your Hexes skill increases to level 9!
The centaur hits you. The centaur completely misses you.
The centaur hits itself.
The centaur kicks itself.
Things that are here:
a +0 shortbow; 27 arrows; a centaur corpse You puncture the centaur!
You bite the centaur. You drain its power.
You feel invigorated.
You hit the centaur.
You catch the helpless centaur completely off-guard!
You impale the centaur!!
You kill the centaur!
Dithmenos accepts your kill.
No target in view!
Things that are here:
a +0 shortbow; 19 arrows; a centaur corpse
Things that are here:
a +0 shortbow; 7 arrows
Things that are here:
a +0 shortbow; 22 arrows
Things that are here:
a +0 shortbow; 7 arrows
f - 3 potions of flight (gained 1)
Things that are here:
a +0 shortbow; 16 arrows; a centaur corpse
Things that are here:
a +0 shortbow; 21 arrows; a centaur corpse A deep elf pyromancer comes into view.
It is wielding a +0 dagger.
A deep elf pyromancer is nearby!
A deep elf pyromancer is nearby!
Your hands begin to glow red.
The deep elf pyromancer shouts!
The deep elf pyromancer hits you with a +0 dagger.
You hit the deep elf pyromancer but do no damage.
The deep elf pyromancer appears confused.
Your bite misses the deep elf pyromancer.
You puncture the deep elf pyromancer!
You bite the deep elf pyromancer, but do no damage.
You hit the deep elf pyromancer.
Your bite misses the deep elf pyromancer.
You puncture the deep elf pyromancer! The deep elf pyromancer misses you.
You hit the deep elf pyromancer. You hit the deep elf pyromancer.
The deep elf pyromancer closely misses you.
You barely miss the deep elf pyromancer.
Your bite misses the deep elf pyromancer.
You hit the deep elf pyromancer.
Your bite misses the deep elf pyromancer.
The deep elf pyromancer hits you with a +0 dagger.
You hit the deep elf pyromancer but do no damage.
You barely miss the deep elf pyromancer.
You bite the deep elf pyromancer, but do no damage.
The deep elf pyromancer completely misses you.
You catch the helpless deep elf pyromancer completely off-guard!
You puncture the deep elf pyromancer!
You kill the deep elf pyromancer!
Dithmenos accepts your kill.
No target in view!
No target in view!
Okay, then.
Autopickup disabled for rings of resist corrosion.
You remove your ring of resist corrosion.
You drop a ring of resist corrosion.
You feel stronger.
N - a +6 ring of strength (left hand) You're wearing all the rings you can.
Remove which one? (? for menu, Esc to cancel) < or
N - a +6 ring of strength; > or
q - a ring of positive energy You remove your ring of positive energy.
y - the ring "Oshrio Izifi" (right hand) {rF+ rCorr} Search for what [Enter for "bolt", or ? for help]?
Okay, then.
As you read the scroll of identify {@r1}, it crumbles to dust.
k - 3 potions of degeneration You drop 3 potions of degeneration {!q}.
You drop 2 scrolls of torment {!r}.
h - a scroll of identify {@r1}
Things that are here:
a +0 dagger; a +0 leather armour A hell hound comes into view.
A hell hound is nearby!
A hell hound is nearby!
A fire elemental comes into view.
A fire elemental comes into view.
The helpless hell hound fails to defend itself.
You perforate the hell hound like a sieve!!!
You kill the hell hound!
Dithmenos accepts your kill.
Azrael, a fire elemental and a hell hound come into view.
Azrael is wielding a +0 scimitar of flaming.
You see here a hell hound corpse.
A hell hound comes into view.
Aim: Azrael, wielding a +0 scimitar of flaming (umbra, chance to affect: 41%) Azrael resists with some effort.
Azrael hits you with a +0 scimitar of flaming.
Aim: Azrael, wielding a +0 scimitar of flaming (umbra, chance to affect: 41%) Azrael resists with some effort.
Azrael hits you with a +0 scimitar of flaming!!
Azrael burns you.
The hell hound barks! x2
Aim: Azrael, wielding a +0 scimitar of flaming (umbra, chance to affect: 41%) Azrael resists with some effort.
Azrael hits you with a +0 scimitar of flaming.
Aim: Azrael, wielding a +0 scimitar of flaming (umbra, chance to affect: 41%) Azrael resists with some effort.
The hell hound breathes flames at you.
The blast of flame hits Azrael.
Azrael completely resists.
The blast of flame hits you! You resist.
* * * LOW HITPOINT WARNING * * *
Azrael gestures at you.
The sphere of damnation explodes!
The damnation engulfs you!!
* * * LOW HITPOINT WARNING * * *
The damnation engulfs Azrael.
Azrael completely resists.
Okay, then.
Okay, then.
You fade into invisibility!
Azrael's eyes look fiery.
Azrael barely misses you. The hell hound breathes flames at you.
The blast of flame hits the fire elemental.
The fire elemental completely resists.
The blast of flame hits Azrael.
Azrael completely resists.
The blast of flame misses you.
Azrael hits you with a +0 scimitar of flaming!
You die...

#.........#
###.........#############.#
.......?).........##).....#
...####.#########.##)########
...#......#######)).)........
...#...............)#########
..........###########
...###...#### #######
...###......###.@REh#
.........##...#.###h.#
#####............# ○○..
#.........#.....E....
#...........########.
#..........## #.#.##........
#..#..##....##..
#.#.#^#.##...# #


You could see Azrael, a fire elemental (wandering) and 2 hell hounds.

Vanquished Creatures
  A centaur warrior (D:13)
  A deep elf pyromancer (D:13)
  A cyclops (D:7)
  4 centaur zombies
  A komodo dragon (D:10)
  2 trolls
  2 hornets
  Sigmund (D:4)
  6 yaks
  3 wyverns
  A basilisk (D:9)
  3 steam dragons (D:9)
  An acid dragon (D:6)
  3 water moccasins
  A hell hound (D:13)
  A floating eye (D:9)
  A sky beast (D:5)
  3 ice beasts
  2 orc warriors (D:9)
  2 black bears
  An ogre (D:4)
  8 centaurs
  A phantom (D:5)
  7 kobold brigands
  4 bullfrogs
  2 wyvern zombies
  3 killer bees (D:10)
  4 howler monkeys (D:9)
  2 bullfrog zombies
  5 jellies
  4 orc priests
  A bullfrog skeleton (D:7)
  2 gnoll shamans
  2 hounds
  Ijyb (D:4)
  Jessica (D:3)
  4 iguanas
  5 orc wizards
  2 hound skeletons
  A howler monkey zombie (D:9)
  10 gnolls
  7 adders
  A howler monkey simulacrum (D:9)
  An ufetubus (D:5)
  An adder zombie (D:5)
  A worm (D:3)
  25 orcs
  5 ball pythons
  9 endoplasms
  7 giant cockroaches
  6 goblins
  9 hobgoblins
  3 jackals (D:1)
  11 kobolds
  4 quokkas
  3 bats
  4 frilled lizards
  7 rats
214 creatures vanquished.

Vanquished Creatures (others)
  A dancing weapon (D:9)
  2 fungi (D:10)
  3 plants
  2 withered plants
8 creatures vanquished.

Grand Total: 222 creatures vanquished

Notes
Turn   | Place    | Note
-------+----------+-------------------------------------------
     0 | D:1      | CryoSword the Vine Stalker Enchanter began the quest for
                  | the Orb.
     0 | D:1      | Reached XP level 1. HP: 9/9 MP: 4/4
    24 | D:1      | Reached skill level 1 in Short Blades
    74 | D:1      | Reached XP level 2. HP: 13/13 MP: 6/6
   100 | D:1      | Learned a level 2 spell: Ensorcelled Hibernation
   370 | D:1      | Found a faded altar of an unknown god.
   737 | D:1      | Found Umelikh's General Store.
  1049 | D:1      | Reached skill level 4 in Stealth
  1067 | D:2      | Reached XP level 3. HP: 17/17 MP: 7/7
  1560 | D:2      | Reached skill level 1 in Ice Magic
  1774 | D:2      | Found a shimmering altar of Xom.
  2136 | D:3      | Reached skill level 1 in Fighting
  2136 | D:3      | Gained mutation: Your natural rate of healing is unusually
                  | fast. [Vine Stalker growth]
  2136 | D:3      | Reached XP level 4. HP: 22/22 MP: 8/8
  2172 | D:3      | Noticed Jessica
  2202 | D:3      | Killed Jessica
  2207 | D:3      | Reached XP level 5. HP: 25/25 MP: 2/9
  2211 | D:3      | Learned a level 3 spell: Tukima's Dance
  2215 | D:3      | Learned a level 3 spell: Confusing Touch
  2896 | D:3      | Reached skill level 5 in Stealth
  3009 | D:3      | Reached XP level 6. HP: 30/30 MP: 11/11
  3940 | D:4      | Noticed Ijyb
  3944 | D:4      | Killed Ijyb
  4154 | D:4      | Reached XP level 7. HP: 34/34 MP: 12/12
  4320 | D:4      | Found Edojun's Book Shoppe.
  4560 | D:4      | Reached skill level 6 in Stealth
  4984 | D:4      | Noticed Sigmund
  4988 | D:4      | Killed Sigmund
  4989 | D:4      | Reached skill level 5 in Hexes
  5106 | D:4      | Gained mutation: You have razor-sharp teeth. [Vine Stalker
                  | growth]
  5106 | D:4      | Reached XP level 8. HP: 24/39 MP: 8/14
  5169 | D:5      | Entered Level 5 of the Dungeon
  5334 | D:5      | Reached skill level 7 in Stealth
  5422 | D:5      | Found a staircase to the Ecumenical Temple.
  5428 | Temple   | Entered the Ecumenical Temple
  5445 | Temple   | Became a worshipper of Dithmenos the Shadowed
  5553 | D:5      | Identified the +1 hand axe of Okawaru's Vengeance {freeze,
                  | rElec MP+9 Str+5}
  5607 | D:5      | Found a bloodstained altar of Trog.
  5765 | D:5      | Found a shimmering altar of Xom.
  5768 | D:5      | Found a sparkling altar of Nemelex Xobeh.
  5850 | D:5      | Found an opulent altar of Gozag.
  5902 | D:5      | Found an iron altar of Okawaru.
  6162 | D:5      | Reached XP level 9. HP: 41/44 MP: 12/16
  6305 | D:6      | Found a blossoming altar of Fedhas.
  6487 | D:6      | Reached skill level 8 in Stealth
  6541 | D:6      | Reached skill level 5 in Short Blades
  6553 | D:6      | Found a stormy altar of Qazlal.
  7161 | D:6      | Reached * piety under Dithmenos
  7590 | D:7      | Found a runed translucent gate.
  7595 | D:7      | Found a runed translucent gate.
  7596 | D:7      | Found a runed translucent gate.
  7596 | D:7      | Noticed Miritol's ghost (novice HOMo)
  7674 | D:7      | Reached skill level 9 in Stealth
  7798 | D:7      | Noticed a cyclops
  7805 | D:7      | Killed a cyclops
  7806 | D:7      | Reached skill level 5 in Spellcasting
  7806 | D:7      | Reached XP level 10. HP: 49/49 MP: 18/18
  8467 | D:8      | Noticed a boulder beetle
  8631 | D:8      | Reached skill level 10 in Stealth
  9534 | D:8      | Reached ** piety under Dithmenos
  9590 | D:9      | Found a staircase to the Orcish Mines.
  9686 | D:9      | Found a radiant altar of Vehumet.
  9840 | D:9      | Found an ornate altar of the Wu Jian Council.
 10536 | D:9      | Found a glowing golden altar of the Shining One.
 10804 | D:1      | Bought a potion of berserk rage for 70 gold pieces
 10807 | D:1      | Identified 3 scrolls of acquirement
 10808 | D:1      | Acquired the ring "Oshrio Izifi" {rF+ rCorr}
 10810 | D:1      | Acquired a +4 rapier of speed
 10811 | D:1      | Acquired the +0 quick blade of Causality {vorpal, rPois
                  | Int+5}
 11291 | D:8      | Reached skill level 1 in Armour
 11486 | D:9      | Reached XP level 11. HP: 54/54 MP: 20/20
 11857 | D:10     | Entered Level 10 of the Dungeon
 11875 | D:10     | Reached skill level 5 in Fighting
 11875 | D:10     | Reached skill level 11 in Stealth
 11922 | D:10     | Found a burning altar of Makhleb.
 11955 | D:10     | Found an ancient bone altar of Kikubaaqudgha.
 12005 | D:10     | Found a basalt altar of Yredelemnul.
 12427 | D:10     | You fall into a shaft and drop 3 floors!
 12456 | D:13     | Noticed a centaur warrior
 12472 | D:13     | Killed a centaur warrior
 12505 | D:13     | Noticed a deep elf pyromancer
 12521 | D:13     | Killed a deep elf pyromancer
 12573 | D:13     | Noticed Azrael
 12580 | D:13     | Slain by Azrael

Illustrated notes

Levels and vault maps discovered:
D:1:      dpeg_arrival_water_temple_mockup, layout_loops_ring, serial_shops,
          shop, shapermc_ecumenical_altar_flowoftime
D:2:      layout_basic, basic_altar, minmay_tetromino_l2
D:3:      layout_basic, uniq_jessica
D:4:      cheibrodos_thug_alley, layout_basic, serial_shops, shop, uniq_ijyb,
          uniq_sigmund
D:5:      layout_loops_cross, minitemple, mainiacjoe_overflow_brackets,
          okawaru_altar_gauntlet_db, minmay_temple_entry_hall
D:6:      layout_loops_ring, mainiacjoe_overflow_catwalk,
          mainiacjoe_overflow_tiny_flanked, minmay_unpleasant_kobolds
D:7:      layout_rooms, ebering_ghost_rock_garden
D:8:      layout_layer_cave, wad_dig_loot
D:9:      layout_grid_maze, amcnicky_altar_gilded,
          nicolae_overflow_crystal_walls, nicolae_overflow_hidden_temple,
          onia_ninara_cookie
D:10:     layout_cave_pools, kiku_gazebo_garden_becter,
          mainiacjoe_overflow_catwalk_spiral, grunt_lair_entry_orc_guard_hut
D:13:     layout_rooms, interstate_on_off, minivault_28, uniq_azrael
Temple:   compressed_dpeg_triangle_lava_temple

Skill      XL: |  1  2  3  4  5  6  7  8  9 10 11 |
---------------+----------------------------------+-----
Short Blades   | 1 2 3 4 6 7 |  7.8
Stealth        | 4 5 6 7 9 10 11 | 11.5
Ice Magic      | 1 2 3 |  3.0
Fighting       | 1 2 3 4 5 |  5.3
Hexes          | 4 5 6 7 8 9 |  9.0
Spellcasting   | 3 4 5 6 |  6.3
Dodging        | 2 3 |  3.6
Armour         | 1 2 |  2.2

Action                   |  1- 3 |  4- 6 |  7- 9 | 10-12 || total
-------------------------+-------+-------+-------+-------++-------
Melee: Dagger            |    84 |    67 |   253 |   187 ||   591
       Bite              |    20 |     8 |    92 |    75 ||   195
       Punch             |     1 |       |     1 |     2 ||     4
       Spear             |       |       |    10 |       ||    10
       Rapier            |       |       |       |    51 ||    51
 Cast: Ensorcelled Hiber |    19 |    44 |    45 |    35 ||   143
       Confusing Touch   |       |       |     4 |    23 ||    27
       Tukima's Dance    |       |       |       |     3 ||     3
  Use: Scroll            |       |       |     4 |     8 ||    12
       Potion            |       |       |     1 |     1 ||     2
 Stab: Sleeping          |    25 |    34 |    33 |    30 ||   122
       Invisible         |       |       |     2 |       ||     2
       Confused          |       |       |     4 |    20 ||    24
       Distracted        |       |       |     2 |     2 ||     4
Armor: Robe              |    10 |    11 |    53 |       ||    74
       Leather armour    |       |       |       |    16 ||    16
       Troll leather arm |       |       |       |    41 ||    41
Dodge: Dodged            |    45 |    41 |    94 |   112 ||   292
